 Dungeon Crawl Stone Soup version 0.23.2-40-g277498a001 (webtiles) character file.

Game seed: 8145674032988382984

356 H0rd4k the Cutter (level 6, -1/44 HPs)
             Began as a Human Artificer on Oct 16, 2019.
             Slain by a gnoll (5 damage)
             ... on level 5 of the Dungeon.
             The game lasted 00:04:48 (4467 turns).

H0rd4k the Cutter (Human Artificer)                 Turns: 4467, Time: 00:04:49

Health: -1/44      AC:  3    Str: 15    XL:     6   Next: 96%
Magic:  8/8        EV: 13    Int: 11    God:
Gold:   266        SH:  0    Dex: 13    Spells: 5/5 levels left

rFire    . . .     SeeInvis .   D - +2 long sword (elec)
rCold    . . .     Gourm    .   (no shield)
rNeg     + . .     Faith    .   r - +0 leather armour {rN+}
rPois    .         Spirit   .   (no helmet)
rElec    .         Reflect  .   (no cloak)
rCorr    .         Harm     .   (no gloves)
MR       .....                  (no boots)
Stlth    ++........             (no amulet)
HPRegen  0.14/turn              (no ring)
MPRegen  0.11/turn              (no ring)

@: no status effects
A: no striking features
a: no special abilities


You were on level 5 of the Dungeon.
You were very hungry.

You visited 2 branches of the dungeon, and saw 6 of its levels.

You collected 266 gold pieces.

Inventory:

Hand Weapons
 a - a +0 short sword
 g - a +2 dagger of speed
 t - a +0 rapier
 D - a +2 long sword of electrocution (weapon)
Missiles
 C - 9 tomahawks (quivered)
Armour
 b - a +0 leather armour
 r - a +0 leather armour of positive energy (worn)
Wands
 c - a wand of flame (12)
 d - a wand of enslavement (13)
 e - a wand of random effects (6)
Scrolls
 h - 4 scrolls of immolation {unknown}
 i - 2 scrolls of magic mapping {unknown}
 j - 3 scrolls of enchant armour {unknown}
 m - 2 scrolls of identify {unknown}
 n - 5 scrolls of teleportation {unknown}
 o - a scroll of fog {unknown}
 p - 2 scrolls of blinking {unknown}
 u - 2 scrolls of enchant weapon {unknown}
 x - a scroll of fear {unknown}
 y - a scroll of remove curse {unknown}
Potions
 k - 2 potions of berserk rage {unknown}
 l - a potion of curing {unknown}
 q - a potion of magic {unknown}
 s - a potion of mutation {unknown}
 v - 2 potions of agility {unknown}
 w - a potion of haste {unknown}
 z - a potion of flight {unknown}
 A - a potion of ambrosia {unknown}
 B - a potion of lignification {unknown}
 E - a potion of resistance {unknown}
 F - a potion of brilliance {unknown}
Comestibles
 f - 9 rations


   Skills:
 + Level 2.2 Fighting
 + Level 3.9 Short Blades
 + Level 2.4 Armour
 + Level 3.3 Dodging
 + Level 1.9 Stealth
 + Level 3.6 Evocations


You had 5 spell levels left.
You didn't know any spells.
Your spell library was empty.

Dungeon Overview and Level Annotations

Branches:
Dungeon (5/15)             Temple (1/1) D:4

Altars:
Cheibriados
Fedhas
Nemelex Xobeh
Qazlal
Ru
Sif Muna
Vehumet
Zin

Annotations:
D:3 exclusion: 2 downstairs


Message History

There is a stone staircase leading down here.
You climb downwards.
A bullfrog and an orc come into view.
The bullfrog gives a loud, deep croak!
Found a stone staircase leading down.
There is a stone staircase leading up here.
You closely miss the gnoll.
The gnoll is heavily wounded.
The gnoll closely misses you. The gnoll hits you.
* * * LOW HITPOINT WARNING * * *
The gnoll closely misses you.
Okay, then.
There is a stone staircase leading down here.
Evoke which item? (* to show all) (? for menu, Esc to quit)
Aiming: Enslavement
Press: ? - help, Shift-Dir - straight line, f - bullfrog
Aim: a bullfrog (chance to defeat MR: 56%)
The bullfrog is charmed.
Your bullfrog hits the gnoll!
Your bullfrog barely misses the gnoll.
The gnoll hits you.
You die...

#####
##...##
##.....##
#.......#
#@F<....#
#.g.....#
##.....##
#.....#
.......#
........#
........#
.o......##


You could see a gnoll and a friendly bullfrog.

Vanquished Creatures
  A scorpion (D:4)
  A water moccasin skeleton (D:4)
  An orc wizard (D:3)
  An iguana (D:3)
  A worker ant (D:4)
  8 adders
  A worm (D:2)
  2 dart slugs
  6 leopard geckos
  5 orcs
  7 giant cockroaches
  6 goblins
  2 hobgoblins (D:2)
  6 jackals
  2 quokkas
  6 bats
  2 frilled lizards
  8 kobolds
  2 quokka skeletons (D:4)
  11 rats
79 creatures vanquished.

Vanquished Creatures (others)
  A howler monkey (D:4)
1 creature vanquished.

Grand Total: 80 creatures vanquished

Notes
Turn   | Place    | Note
-------+----------+-------------------------------------------
     0 | D:1      | H0rd4k the Human Artificer began the quest for the Orb.
     0 | D:1      | Reached XP level 1. HP: 15/15 MP: 3/3
   111 | D:1      | Reached XP level 2. HP: 19/21 MP: 4/4
   305 | D:1      | Reached XP level 3. HP: 23/26 MP: 5/5
   678 | D:2      | Reached skill level 1 in Armour
   932 | D:2      | Found a sparkling altar of Nemelex Xobeh.
   932 | D:2      | Found a blossoming altar of Fedhas.
   932 | D:2      | You fall through a shaft for 2 floors!
   950 | D:4      | Reached XP level 4. HP: 32/32 MP: 6/6
  1012 | D:4      | Noticed a phantom
  1325 | D:3      | Found a glowing silver altar of Zin.
  1430 | D:3      | Reached XP level 5. HP: 33/37 MP: 7/7
  2236 | D:2      | Found a snail-covered altar of Cheibriados.
  3168 | D:3      | Reached XP level 6. HP: 19/44 MP: 8/8
  4215 | D:4      | Found a staircase to the Ecumenical Temple.
  4248 | Temple   | Entered the Ecumenical Temple
  4463 | D:5      | Entered Level 5 of the Dungeon
  4467 | D:5      | Slain by a gnoll

Skill      XL: |  1  2  3  4  5  6 |
---------------+-------------------+-----
Armour         | 1 2 |  2.4
Short Blades   | 2 3 |  3.9
Dodging        | 3 |  3.3
Fighting       | 2 |  2.2
Stealth        | |  1.9
Evocations     | |  3.6

Action                   |  1- 3 |  4- 6 || total
-------------------------+-------+-------++-------
Melee: Short sword       |    48 |       ||    48
       Dagger            |    42 |    30 ||    72
       Rapier            |       |   193 ||   193
       Long sword        |       |     5 ||     5
Evoke: Wand              |       |    14 ||    14
 Stab: Sleeping          |     1 |     3 ||     4
  Eat: Chunk             |       |    10 ||    10
Armor: Leather armour    |    24 |    54 ||    78
Dodge: Dodged            |    45 |   185 ||   230
       Rpst.: Long sword |       |     1 ||     1
